 Dungeon Crawl Stone Soup version 0.25-a0-1133-g93ebf739aa (webtiles) character file.

Game seed: 1621680865019105525, levelgen mode: deterministic

794 Masnef the Ruffian (level 7, -3/66 HPs)
             Began as a Troll Fighter on May 21, 2020.
             Was a Follower of Uskayaw.
             Slain by a water moccasin (7 damage)
             ... on level 5 of the Dungeon.
             The game lasted 00:05:00 (3206 turns).

Masnef the Ruffian (Troll Fighter)                  Turns: 3206, Time: 00:05:01

Health: -3/66      AC:  7    Str: 25    XL:     7   Next: 58%
Magic:  6/6        EV:  8    Int:  6    God:    Uskayaw [*.....]
Gold:   164        SH:  9    Dex:  9    Spells: 6/6 levels left

rFire    . . .     SeeInvis .     - Unarmed
rCold    . . .     Gourm    +   b - +0 kite shield
rNeg     . . .     Faith    .   a - +0 robe
rPois    .         Spirit   .   (helmet restricted)
rElec    .         Reflect  .   v - +0 cloak
rCorr    .         Harm     .   (gloves unavailable)
MR       .....                  (boots unavailable)
Stlth    ++........             (no amulet)
HPRegen  0.61/turn              u - ring of stealth
MPRegen  0.10/turn              (no ring)

@: lethally poisoned (-3 -> -4)
A: large, unfitting armour, claws 3, fast metabolism 3, gourmand, regeneration
1, shaggy fur 1, tough skin 3
a: Stomp, Renounce Religion


You were on level 5 of the Dungeon.
You worshipped Uskayaw.
Uskayaw was noncommittal.
You were full.

You visited 2 branches of the dungeon, and saw 6 of its levels.

You collected 164 gold pieces.

Inventory:

Armour
 a - a +0 robe (worn)
 b - a +0 kite shield (worn)
 v - a +0 cloak (worn)
Jewellery
 u - a ring of stealth (left claw)
Wands
 s - a wand of polymorph (5)
Scrolls
 f - 2 scrolls of enchant armour {unknown}
 g - a scroll of magic mapping {unknown}
 h - 3 scrolls of identify {unknown}
 k - a scroll of fog {unknown}
 m - 2 scrolls of amnesia {unknown}
 n - 2 scrolls of teleportation {unknown}
 o - 3 scrolls of remove curse {unknown}
 q - a scroll of random uselessness {unknown}
 t - a scroll of enchant weapon {unknown}
Potions
 c - 2 potions of might
 e - a potion of berserk rage {unknown}
 i - 3 potions of heal wounds {unknown}
 j - 2 potions of curing {unknown}
 l - 3 potions of haste {unknown}
 p - 4 potions of stabbing {unknown}
 r - a potion of ambrosia {unknown}
 x - a potion of flight {unknown}
Comestibles
 d - 9 rations


   Skills:
 + Level 2.9 Fighting
 - Level 2.4 Dodging
 * Level 4.1 Shields
 + Level 7.5 Unarmed Combat


You had 6 spell levels left.
You didn't know any spells.
Your spell library contained the following spells:

 Spells                   Type           Power        Failure   Level  Hunger
 Animate Skeleton         Necr           N/A          80%         1    ##.....
 Apportation              Tloc           #.....       80%         1    ##.....
 Corona                   Hex            #......      80%         1    ##.....
 Summon Small Mammal      Summ           #...         80%         1    ##.....


Dungeon Overview and Level Annotations

Branches:
Dungeon (5/15)             Temple (1/1) D:4

Altars:
Ashenzari
Cheibriados
Dithmenos
Elyvilon
Fedhas
Gozag
Hepliaklqana
Kikubaaqudgha
Makhleb
Nemelex Xobeh
Okawaru
Qazlal
Ru
Sif Muna
Trog
Uskayaw
Vehumet
Wu Jian
Xom
Yredelemnul
Zin
The Shining One


Innate Abilities, Weirdness & Mutations

You are too large for most types of armour.
You have claws for hands.
Your metabolism is lightning-fast.
You like to eat raw meat.
Your natural rate of healing is unusually fast.
You are covered in fur. (AC +1)
You have extremely tough skin. (AC +3)


Message History

You feel sick.
The adder skeleton bites you but does no damage.
The orc closely misses you.
You feel sick. The water moccasin closely misses you.
You can no longer pass through a line of other dancers.
Found a robe.
You feel sick.
You feel sick.
An ogre comes into view. It is wielding a +0 giant club.
The water moccasin bites you!
* * * LOW HITPOINT WARNING * * *
You feel sick.
The ogre shouts!
You hear a shout!
You block the water moccasin's attack.
You feel sick.
A crimson imp comes into view.
The crimson imp blinks!
The ogre hits you with a +0 giant club!
* * * LOW HITPOINT WARNING * * *
The water moccasin bites you!
You die...

....... ....... .......
....... .##.. ##.......
......###<...........
.#......<...........
....[. ##@......#..#
......##.SO...###..# .
.........S$....#...## ..
........ZH.###.§....#...
##......#o# #..†.......
##....##Z# ##..##.....
.#.....#.Z###....Z.....
............Z.Z#.^......
........#Z.....<.......#


You could see a hippogriff, a water moccasin, an ogre, an adder, an orc, a
worker ant zombie and 2 adder skeletons.

Vanquished Creatures
  2 ogres (D:4)
  A centaur (D:2)
  The ghost of voshxx the Caller, an amateur OpSu (D:3)
  A bullfrog (D:4)
  A howler monkey (D:5)
  An orc priest (D:3)
  2 hounds
  A bullfrog skeleton (D:3)
  An iguana (D:4)
  3 orc wizards
  2 hound skeletons
  An adder zombie (D:3)
  2 worms
  A dart slug (D:3)
  15 orcs
  7 giant cockroaches
  7 goblins (D:1)
  6 hobgoblins
  11 jackals
  6 kobolds (D:1)
  4 quokkas
  A ball python (D:1)
  9 bats
  5 frilled lizards
  A leopard gecko zombie (D:3)
  5 rats (D:1)
97 creatures vanquished.

Vanquished Creatures (others)
  An iguana (D:4)
  A giant cockroach (D:4)
  A frilled lizard (D:4)
3 creatures vanquished.

Grand Total: 100 creatures vanquished

Notes
Turn   | Place    | Note
-------+----------+-------------------------------------------
     0 | D:1      | Masnef the Troll Fighter began the quest for the Orb.
     0 | D:1      | Reached XP level 1. HP: 22/22 MP: 0/0
   155 | D:1      | Reached XP level 2. HP: 27/29 MP: 1/1
   226 | D:1      | Reached skill level 3 in Unarmed Combat
   351 | D:1      | Reached XP level 3. HP: 33/36 MP: 2/2
   848 | D:2      | Reached skill level 4 in Unarmed Combat
  1076 | D:2      | Noticed a centaur
  1094 | D:2      | Killed a centaur
  1094 | D:2      | Reached skill level 5 in Unarmed Combat
  1094 | D:2      | Reached XP level 4. HP: 6/44 MP: 3/3
  1094 | D:2      | Reached XP level 5. HP: 7/50 MP: 4/4
  1503 | D:3      | Reached XP level 6. HP: 41/59 MP: 5/5
  1721 | D:3      | Found a runed translucent gate.
  1722 | D:3      | Found a runed translucent gate.
  1726 | D:3      | Found a runed translucent gate.
  1728 | D:3      | Noticed voshxx's ghost (amateur OpSu)
  1747 | D:3      | Killed voshxx's ghost
  1747 | D:3      | Reached skill level 6 in Unarmed Combat
  2329 | D:4      | Found a snail-covered altar of Cheibriados.
  2389 | D:4      | Reached XP level 7. HP: 50/66 MP: 6/6
  2528 | D:4      | Reached skill level 7 in Unarmed Combat
  2697 | D:4      | Found a staircase to the Ecumenical Temple.
  2808 | Temple   | Entered the Ecumenical Temple
  2846 | Temple   | Became a worshipper of Uskayaw the Reveler
  3175 | D:5      | Entered Level 5 of the Dungeon
  3178 | D:5      | Noticed a hippogriff
  3181 | D:5      | Reached * piety under Uskayaw
  3188 | D:5      | Reached ** piety under Uskayaw
  3191 | D:5      | Reached *** piety under Uskayaw
  3206 | D:5      | Slain by a water moccasin

Illustrated notes

Levels and vault maps discovered:
D:1:      ebering_trefoil_twist, layout_basic
D:2:      layout_basic
D:3:      layout_basic, gammafunk_ghost_necromancy
D:4:      layout_loops_ring, cheibriados_altar_1, minmay_temple_entry_junction,
          first_ration, lemuel_flame_loot_1
D:5:      layout_cave_pools
Temple:   nicolae_temple_the_god_donut

Skill      XL: |  1  2  3  4  5  6  7 |
---------------+----------------------+-----
Unarmed Combat | 3 5 6 7 |  7.5
Shields        | 3 4 |  4.1
Fighting       | |  2.9
Dodging        | |  2.4

Action                   |  1- 3 |  4- 6 |  7- 9 || total
-------------------------+-------+-------+-------++-------
Melee: Unarmed           |   141 |   108 |    69 ||   318
 Stab: Sleeping          |       |     2 |       ||     2
  Eat: Chunk             |    16 |    12 |     4 ||    32
Armor: Robe              |    63 |    23 |    15 ||   101
Dodge: Dodged            |    39 |    27 |    17 ||    83
Block: Kite shield       |    70 |    52 |    29 ||   151

Table legend:
 A = Non-vault XP
 B = Vault XP
 C = Vault XP percentage of total XP
 D = Non-vault monster count
 E = Vault monster count
 F = Vault count percentage of total count
                 A         B        C        D         E       F
            +---------+---------+-------+---------+---------+-------
      Total |    1009 |     126 |  11.1 |      93 |       4 |   4.1
            +---------+---------+-------+---------+---------+-------
        D:1 |      61 |       0 |   0.0 |      36 |       0 |   0.0
        D:2 |     138 |       0 |   0.0 |      12 |       0 |   0.0
        D:3 |     202 |     126 |  38.4 |      18 |       4 |  18.2
        D:4 |     553 |       0 |   0.0 |      26 |       0 |   0.0
        D:5 |      55 |       0 |   0.0 |       1 |       0 |   0.0
            +---------+---------+-------+---------+---------+-------
